 Dungeon Crawl Stone Soup version 0.29.1-2-gbd0b4ee654 (console) character file.

Game seed: 2430619497490786897

52 Goreval the Insei (level 3, -12/27 HPs)
             Began as a Merfolk Transmuter on Nov 14, 2022.
             Was an Initiate of Nemelex Xobeh.
             Killed by divine providence
             ... invoked by an orc priest
              (15 damage)
             ... on level 3 of the Dungeon.
             The game lasted 00:09:54 (2652 turns).

Goreval the Insei (Merfolk Transmuter)              Turns: 2652, Time: 00:09:55

Health: -12/27     AC:  3    Str: 10    XL:     3   Next: 85%
Magic:  2/6        EV: 12    Int: 14    God:    Nemelex Xobeh [......]
Gold:   76         SH:  0    Dex: 14    Spells: 0/6 levels left

rFire   . . .      SeeInvis .     - Unarmed
rCold   . . .      Faith    .   (no shield)
rNeg    . . .      Spirit   .   w - +0 leather armour
rPois   .          Reflect  .   (helmet currently unavailable)
rElec   .          Harm     .   (no cloak)
rCorr   .          Rampage  .   (no gloves)
Will    .....                   (boots currently unavailable)
Stlth   +.........              (no amulet)
HPRegen 0.09/turn               (no ring)
MPRegen 0.10/turn               (no ring)

@: mighty, appendages (expiring), wereblooded
A: horns 2, (nimble swimmer 2), mertail
a: End Transformation, Renounce Religion, Draw Escape, Draw Destruction, Draw
Summoning


You were on level 3 of the Dungeon.
You worshipped Nemelex Xobeh.
Nemelex Xobeh was noncommittal.
You had temporarily grown beastly horns.
You visited 1 branch of the dungeon, and saw 3 of its levels.

You collected 76 gold pieces.

Inventory:

Missiles
 g - 39 stones (quivered)
Armour
 i - a +0 helmet (melded)
 u - a +0 pair of boots (melded)
 w - a +0 leather armour (worn)
Wands
 t - a wand of digging (8)
Scrolls
 d - 3 scrolls of magic mapping {unknown}
 e - a scroll of enchant weapon {unknown}
 f - a scroll of blinking {unknown}
 k - a scroll of teleportation {unknown}
 n - 2 scrolls of fear {unknown}
 p - a scroll of enchant armour {unknown}
 v - a scroll of vulnerability {unknown}
Potions
 b - a potion of lignification
 c - a potion of curing {unknown}
 h - a potion of cancellation {unknown}
 j - a potion of flight {unknown}
 l - a potion of mutation {unknown}
 m - a potion of resistance {unknown}
 o - a potion of attraction {unknown}
 q - a potion of might
 r - a potion of haste {unknown}
 s - a potion of heal wounds {unknown}


   Skills:
 + Level 1.7 Fighting
 + Level 3.1 Dodging
 * Level 4.0 Unarmed Combat
 + Level 2.2 Spellcasting
 * Level 3.4 Transmutations
 + Level 0.3 Poison Magic


You couldn't memorise any spells.
You knew the following spells:

 Your Spells              Type           Power      Damage    Failure   Level
a - Beastly Appendage     Tmut           22%        N/A       8%          1
b - Wereblood             Tmut           11%        N/A       12%         2
c - Spider Form           Tmut/Pois      6%         N/A       41%         3

Your spell library contained the following spells:

 Spells                   Type           Power      Damage    Failure   Level
 Passwall                 Tmut/Erth      5%         N/A       24%         2
 Sandblast                Erth           2%         2d4       32%         1
 Stone Arrow              Conj/Erth      2%         3d7       67%         3
 Summon Guardian Golem    Hex/Summ       1%         N/A       67%         3
 Ice Form                 Ice/Tmut       6%         N/A       83%         4
 Orb of Destruction       Conj           0%         9d5       100%        7
 Spellforged Servitor     Conj/Summ      0%         N/A       100%        7


Dungeon Overview and Level Annotations

Branches:
Dungeon (3/15)

Altars:
Nemelex Xobeh

Shops:
D:2 (

Annotations:
D:3 Natasha


Innate Abilities, Weirdness & Mutations

You have temporarily grown beastly horns.
((You are very nimble when in or above water. (Stealth+, EV+, Speed+++)))
Your lower body shifts to a powerful aquatic tail in water.


Message History

Your blood is infused with primal strength.
The orc completely misses you.
Unknown command.
You hit the orc but do no damage. The orc closely misses you.
You closely miss the orc. The orc hits you with a +0 flail.
* * * LOW HITPOINT WARNING * * *
You barely miss the orc. You closely miss the orc. The orc barely misses you.
You hit the orc.
Your transformation is almost over.
The orc hits you with a +0 flail.
* * * LOW HITPOINT WARNING * * *
You closely miss the orc. The orc closely misses you.
You punch the orc!
You feel a bit better.
You kill the orc!
You howl as the wereblood boils in your veins!
The orc priest invokes the aid of Beogh against you.
Pain shoots through your body!
* * * LOW HITPOINT WARNING * * *
Your magical contamination has completely faded away.
Okay, then.
Here: an orc priest, wielding a +0 flail The floor.
You barely miss the orc. The orc misses you.
You barely miss the orc.
You howl as the wereblood boils in your veins!
You hear a shout!
An orc comes into view. It is wielding a +0 dagger.
The orc hits you with a +0 short sword.
* * * LOW HITPOINT WARNING * * *
Unknown command.
It was a potion of might.
You feel very mighty all of a sudden.
You howl as the wereblood boils in your veins!
The orc barely misses you.
The orc priest calls down the wrath of Beogh upon you.
Beogh smites you!
Ouch! That really hurt!
You die...
Your body disappears without a glow.

##. .. ... .. .. #.# .o g# ..####### ..## o.
.. [....[..# ##..### .#. #........# ..... #
...
#........##########.#########.#.####.#######
#.......................##..................
#...........#######.###.##.# #...##o#########
#...........##....#.# #..^.# +.....ogo@.....#
#.######'#####.##.#.# ##..## #...##.#######.#
##'###....# #.##.#.# #..#########..#######.#
..........#####.##.#.# #.....................#
................##.#.# #.#...####...##########
.........#########.#.#######........##########
.........# #<....#.#..........>.#..........#
.........###########.#.#####.#....#..........#
................####.#
#.#.##.#..........#########
................'....#
#.#..#.#..........##......#
................######
#.#.##.#..........##.####.#######
................# #.#)##.#..........##.#
#.##....# ................#
#......#..........'..# #.##..###
................#
####.#####†........#######.##..#
#####....[......#
#..............................# #############
#. #.##.####################.####.# #.#
#.#.... .............# #.# #.#.####
#######.###### #.# #.#...# #.# #.# #.#.#.# #.#
#.# #.#.#.# #.# #.####.# #.# #.#
#######......# #.###################.#


You could see an orc priest, 2 orcs and a hobgoblin.

Vanquished Creatures
  A gnoll (D:1)
  An orc (D:3)
  3 bats (D:1)
  2 endoplasms (D:1)
  2 giant cockroaches
  A goblin (D:1)
  5 hobgoblins (D:1)
  3 jackals (D:1)
  7 kobolds
  2 quokkas
  7 ball pythons
  A frilled lizard (D:2)
  3 rats (D:1)
38 creatures vanquished.

Notes
Turn   | Place    | Note
-------+----------+-------------------------------------------
     0 | D:1      | Goreval the Merfolk Transmuter began the quest for the Orb.
     0 | D:1      | Reached XP level 1. HP: 15/15 MP: 3/3
    63 | D:1      | Reached XP level 2. HP: 9/21 MP: 3/5
    66 | D:1      | Learned a level 2 spell: Wereblood
   516 | D:1      | Reached XP level 3. HP: 21/26 MP: 4/6
   520 | D:1      | Learned a level 3 spell: Spider Form
  1193 | D:2      | Found a faded altar of an unknown god.
  1288 | D:2      | Found Dukkifan's Antique Weapon Boutique.
  1458 | D:2      | Found a sparkling altar of Nemelex Xobeh.
  1473 | D:2      | Became a worshipper of Nemelex Xobeh the Trickster
  2375 | D:3      | Reached skill level 4 in Unarmed Combat
  2395 | D:3      | Noticed Natasha
  2652 | D:3      | Killed from afar by an orc priest

Illustrated notes

Levels and vault maps discovered:
D:1:      dpeg_arrival_boxorama, layout_basic, minivault_4
D:2:      layout_loops_ring, nicolae_ecumenical_oubliette, serial_shops, shop,
          basic_altar
D:3:      layout_basic, portal_sewer_entry_e, uniq_natasha

Skill      XL: |  1  2  3 |
---------------+----------+-----
Transmutations | 3 |  3.4
Dodging        | 3 |  3.1
Unarmed Combat | 4 |  4.0
Fighting       | |  1.7
Spellcasting   | |  2.2
Poison Magic   | |  0.3

Action                   || total
-------------------------++-------
Melee: Unarmed           ||   109
       Headbutt          ||    13
       Tailslap          ||     7
       Punch             ||     3
Throw: Stone             ||    14
 Cast: Beastly Appendage ||    32
       Wereblood         ||     2
  Use: Potion            ||     1
Armor: Robe              ||    14
Dodge: Dodged            ||    61
